 Dungeon Crawl Stone Soup version 0.23.2 (webtiles) character file.

Game seed: 15271988383550131692

7168 whitdemon the Carver (level 10, -1/91 HPs)
             Began as a Minotaur Fighter on Apr 9, 2019.
             Was an Elder of Makhleb.
             Slain by Snorg (12 damage)
             ... on level 10 of the Dungeon on Apr 10, 2019.
             The game lasted 01:36:31 (9147 turns).

whitdemon the Carver (Minotaur Fighter)             Turns: 9147, Time: 01:36:31

Health: -1/91      AC: 15    Str: 38    XL:     10   Next: 86%
Magic:  9/9        EV:  8    Int:  6    God:    Makhleb [****..]
Gold:   577        SH: 11    Dex:  9    Spells: 9/9 levels left

rFire    x . .     SeeInvis +   C - +5 broad axe "Huda" {pain, rC- MR+ Str+9 SInv}
rCold    + . .     Gourm    .   c - +0 shield
rNeg     . . .     Faith    .   G - +0 plate armour
rPois    .         Spirit   .   (helmet restricted)
rElec    .         Reflect  .   (no cloak)
rCorr    .         Harm     .   (no gloves)
MR       +....                  t - +0 pair of boots
Stlth    ..........             y - amulet of the acrobat
HPRegen  0.25/turn              g - ring of attention
MPRegen  0.11/turn              o - ring of ice

@: mighty
A: retaliatory headbutt, horns 2, blurry vision 1, cold resistance 1, wild magic
1
a: Minor Destruction, Lesser Servant of Makhleb, Major Destruction, Renounce
Religion


You were on level 10 of the Dungeon.
You worshipped Makhleb.
Makhleb was greatly pleased with you.
You were not hungry.

You visited 1 branch of the dungeon, and saw 10 of its levels.

You collected 577 gold pieces.

Inventory:

Hand Weapons
 d - a +3 quarterstaff of chaos
 e - a +2 great sword of venom
 f - a +0 hunting sling of flaming
 j - a cursed -3 scythe
 w - a +0 dire flail of protection
 z - a +2 falchion of slicing
 B - the +6 mace of Lisyca {holy, rN+ Str+2 Int-2}
   (You found it on level 8 of the Dungeon)

   It has been blessed by the Shining One to cause great damage to the undead
   and demons.
   It affects your strength (+2).
   It affects your intelligence (-2).
   It protects you from negative energy.
 C - the +5 broad axe "Huda" (weapon) {pain, rC- MR+ Str+9 SInv}
   (You found it on level 6 of the Dungeon)

   In the hands of one skilled in necromantic magic, it inflicts extra damage on
   living creatures.
   It affects your strength (+9).
   It makes you vulnerable to cold.
   It affects your resistance to hostile enchantments.
   It lets you see invisible.
 E - a +1 shortbow of freezing
 H - a +1 dire flail of holy wrath
Missiles
 n - 248 stones (quivered)
Armour
 c - a +0 shield (worn)
 h - a +2 robe of fire resistance
 t - a +0 pair of boots (worn)
 x - a +3 scale mail of cold resistance
 A - +0 ice dragon scales
 G - a +0 plate armour (worn)
 I - a +0 scale mail
Magical Staves
 r - an uncursed staff of summoning
Jewellery
 g - a ring of attention (left hand)
 o - a ring of ice (right hand)
 y - an amulet of the acrobat (around neck)
 D - an uncursed amulet of magic regeneration
Wands
 i - a wand of polymorph (5)
 m - a wand of random effects (20)
 F - a wand of paralysis (12)
Scrolls
 k - 3 scrolls of magic mapping
 l - 5 scrolls of remove curse
 p - 8 scrolls of identify
 s - a scroll of fog
 u - a scroll of amnesia
 v - 2 scrolls of teleportation
 K - a scroll of fear
 M - a scroll of blinking
Potions
 b - a potion of might
 J - a potion of agility
Miscellaneous
 L - a crystal ball of energy
Comestibles
 q - 8 rations


   Skills:
 + Level 9.5 Fighting
 + Level 9.9 Long Blades
 + Level 9.3(9.8) Axes
 + Level 4.9(7.7) Maces & Flails
 + Level 9.3 Armour
 + Level 4.7 Dodging
 + Level 1.1 Stealth
 + Level 4.7 Shields
 + Level 1.0 Evocations


You had 9 spell levels left.
You didn't know any spells.
Your spell library contained the following spells:

 Spells                   Type           Power        Failure   Level  Hunger
 Magic Dart               Conj           #...         100%        1    ##.....
 Blink                    Tloc           N/A          100%        2    ###....
 Call Imp                 Summ           #.......     100%        2    ###....
 Slow                     Hex            #.......     100%        2    ###....
 Conjure Flame            Conj/Fire      #.......     100%        3    ####...
 Mephitic Cloud           Conj/Pois/Air  #.......     100%        3    ####...


Dungeon Overview and Level Annotations

Branches:
Dungeon (10/15)            Temple (0/1) D:4
   Lair: D:8-11         Orc: D:9-12

Altars:
Makhleb
Nemelex Xobeh
Sif Muna
Trog
Wu Jian
Xom
The Shining One

Shops:
D:9 }

Annotations:
D:10 Snorg


Innate Abilities, Weirdness & Mutations

You reflexively headbutt those who attack you in melee.
You have a pair of horns on your head.
Scrolls take you a little longer to read.
Your flesh is cold resistant. (rC+)
Your spells are a little harder to cast, but a little more powerful.


Message History

Snorg is severely wounded.
You block Snorg's attack. Snorg claws you but does no damage.
You block Snorg's attack. Snorg bites you!
* * * LOW HITPOINT WARNING * * *
Snorg claws you.
* * * LOW HITPOINT WARNING * * *
You block Snorg's attack.
You feel better. Snorg completely misses you. You furiously retaliate!
You headbutt Snorg! You block Snorg's attack. x2
You feel better. Snorg closely misses you. You block Snorg's attack.
Snorg closely misses you. Snorg bites you but does no damage.
Snorg barely misses you. Snorg claws you!
* * * LOW HITPOINT WARNING * * *
You feel better. Snorg bites you!
* * * LOW HITPOINT WARNING * * *
You block Snorg's attack. Snorg claws you but does no damage.
You feel very mighty all of a sudden. You block Snorg's attack.
Snorg claws you but does no damage. Snorg closely misses you. Snorg bites you!
You die...

...# ###
...##$.
......#
#....#
#....#
#....
##..#
#..####.<#
#...T@..#
##.###..#
##.# #..#
##... ...#
...# #...


You could see Snorg (berserk).

Vanquished Creatures
  Harold (D:7)
  A centaur warrior (D:9)
  An unseen horror (D:6)
  Sigmund (D:3)
  A hungry ghost (D:9)
  Edmund (D:4)
  A water moccasin (D:8)
  Duvessa (D:4)
  2 orc warriors
  An ice beast (D:6)
  7 ogres
  5 phantoms
  6 centaurs
  3 big kobolds
  A crocodile (D:8)
  Blork the orc (D:4)
  2 bullfrogs
  Dowan (D:4)
  7 scorpions
  6 killer bees (D:8)
  5 wights (D:6)
  4 howler monkeys
  A bullfrog zombie (D:8)
  4 crimson imps
  3 hounds
  3 quasits
  A centaur zombie (D:5)
  A centaur skeleton (D:8)
  Crazy Yiuf (D:3)
  3 orc priests
  3 bullfrog skeletons
  6 orc wizards
  A gnoll shaman (D:6)
  Natasha (twice) (D:2)
  An iguana (D:6)
  5 worker ants
  2 hound zombies
  A howler monkey zombie (D:9)
  2 worker ant zombies
  Robin (D:4)
  6 adders
  14 gnolls
  2 oozes
  2 adder zombies (D:6)
  An adder skeleton (D:4)
  6 worms
  2 dart slugs
  6 leopard geckos
  35 orcs
  5 giant cockroaches
  19 goblins
  13 hobgoblins
  5 jackals
  6 quokkas
  2 ball pythons
  8 bats
  3 frilled lizards
  19 kobolds
  3 quokka skeletons
  7 rats
264 creatures vanquished.

Notes
Turn   | Place    | Note
-------+----------+-------------------------------------------
     0 | D:1      | whitdemon the Minotaur Fighter began the quest for the Orb.
     0 | D:1      | Reached XP level 1. HP: 19/19 MP: 0/0
    54 | D:1      | Reached XP level 2. HP: 26/27 MP: 1/1
   244 | D:1      | Reached XP level 3. HP: 5/33 MP: 2/2
  1508 | D:2      | Reached XP level 4. HP: 40/40 MP: 3/3
  1756 | D:2      | Noticed Natasha
  1777 | D:2      | Killed Natasha
  1777 | D:2      | Reached skill level 1 in Dodging
  1825 | D:2      | Reached XP level 5. HP: 46/46 MP: 4/4
  2034 | D:2      | Noticed Natasha
  2040 | D:2      | Killed Natasha
  2381 | D:3      | Reached skill level 5 in Armour
  2504 | D:3      | Reached XP level 6. HP: 53/53 MP: 5/5
  3310 | D:3      | Noticed Sigmund
  3317 | D:3      | Killed Sigmund
  3317 | D:3      | Reached skill level 5 in Fighting
  3317 | D:3      | Reached XP level 7. HP: 47/61 MP: 6/6
  3340 | D:3      | Found an ornate altar of the Wu Jian Council.
  3340 | D:3      | Found a burning altar of Makhleb.
  3345 | D:3      | Became a worshipper of Makhleb the Destroyer
  3415 | D:3      | Found a runed translucent door.
  3416 | D:3      | Noticed Crazy Yiuf
  3421 | D:3      | Killed Crazy Yiuf
  3714 | D:4      | Noticed Blork the orc
  3724 | D:4      | Killed Blork the orc
  3789 | D:4      | Found a staircase to the Ecumenical Temple.
  4008 | D:4      | Noticed Duvessa
  4008 | D:4      | Noticed Dowan
  4021 | D:4      | Killed Duvessa
  4024 | D:4      | Killed Dowan
  4203 | D:4      | Reached skill level 5 in Long Blades
  4293 | D:4      | Gained mutation: Scrolls take you a little longer to read.
                  | [potion of mutation]
  4293 | D:4      | Gained mutation: Your spells are a little harder to cast,
                  | but a little more powerful. [potion of mutation]
  4293 | D:4      | Gained mutation: You are weak. (Str -2) [potion of
                  | mutation]
  4293 | D:4      | Gained mutation: Your spells are harder to cast, but more
                  | powerful. [potion of mutation]
  4317 | D:4      | Noticed Robin
  4338 | D:4      | Killed Robin
  4347 | D:4      | Reached * piety under Makhleb
  4707 | D:4      | Noticed Edmund
  4717 | D:4      | Killed Edmund
  4717 | D:4      | Reached XP level 8. HP: 69/69 MP: 7/7
  4884 | D:5      | Entered Level 5 of the Dungeon
  5003 | D:5      | Found a bloodstained altar of Trog.
  5069 | D:5      | Found a sparkling altar of Nemelex Xobeh.
  5294 | D:5      | Reached skill level 1 in Evocations
  5426 | D:5      | Found a glowing golden altar of the Shining One.
  5609 | D:5      | Found a deep blue altar of Sif Muna.
  5693 | D:6      | Reached ** piety under Makhleb
  5759 | D:6      | Reached XP level 9. HP: 78/78 MP: 8/8
  6223 | D:6      | Got a faintly glowing broad axe
  6231 | D:6      | Identified the +5 broad axe "Huda" {pain, rC- MR+ Str+9
                  | SInv} (You found it on level 6 of the Dungeon)
  6385 | D:6      | Reached skill level 1 in Axes
  6511 | D:6      | Noticed an unseen horror
  6517 | D:6      | Killed an unseen horror
  6568 | D:6      | Reached *** piety under Makhleb
  7185 | D:7      | Lost mutation: Your spells are harder to cast, but more
                  | powerful. [potion of mutation]
  7185 | D:7      | Lost mutation: You are weak. (Str -2) [potion of mutation]
  7185 | D:7      | Gained mutation: You are frail. (-10% HP) [potion of
                  | mutation]
  7185 | D:7      | Lost mutation: You are frail. (-10% HP) [potion of
                  | mutation]
  7185 | D:7      | Gained mutation: Your flesh is cold resistant. (rC+)
                  | [potion of mutation]
  7186 | D:7      | Noticed Harold
  7199 | D:7      | Killed Harold
  7199 | D:7      | Reached XP level 10. HP: 54/90 MP: 9/9
  7822 | D:8      | Got a warped mace
  7844 | D:8      | Identified the +6 mace of Lisyca {holy, rN+ Str+2 Int-2}
                  | (You found it on level 8 of the Dungeon)
  7959 | D:8      | Reached **** piety under Makhleb
  7995 | D:8      | Found a shimmering altar of Xom.
  8214 | D:8      | Reached skill level 1 in Stealth
  8548 | D:9      | Found Xamneragh's Gadget Boutique.
  8574 | D:9      | Noticed a centaur warrior
  8580 | D:9      | Killed a centaur warrior
  9135 | D:10     | Entered Level 10 of the Dungeon
  9135 | D:10     | Noticed Snorg
  9147 | D:10     | Slain by Snorg

Skill      XL: |  1  2  3  4  5  6  7  8  9 10 |
---------------+-------------------------------+-----
Armour         | 4 5 6 7 8 9 |  9.3
Shields        | 4 |  4.7
Maces & Flails | 3 4 |  4.9
Fighting       | 4 5 6 8 9 |  9.5
Dodging        | 1 2 4 |  4.7
Long Blades    | 3 6 8 9 |  9.9
Evocations     | 1 |  1.0
Axes           | 6 9 |  9.3
Stealth        | 1 |  1.1

Action                   |  1- 3 |  4- 6 |  7- 9 | 10-12 || total
-------------------------+-------+-------+-------+-------++-------
Melee: Flail             |    82 |    62 |       |       ||   144
       Headbutt          |     9 |    16 |    41 |    23 ||    89
       Great sword       |       |    47 |   163 |       ||   210
       Broad axe         |       |       |    65 |   142 ||   207
       Staff             |       |       |    14 |       ||    14
Evoke: Wand              |       |       |     3 |       ||     3
  Use: Potion            |     1 |     2 |     7 |     5 ||    15
       Scroll            |     4 |     3 |     4 |     1 ||    12
  Eat: Ration            |     1 |     4 |     2 |     4 ||    11
Armor: Scale mail        |    32 |    31 |    47 |       ||   110
       Ice dragon scales |       |       |    68 |    23 ||    91
       Plate armour      |       |       |       |    48 ||    48
Dodge: Dodged            |    24 |    55 |   158 |   121 ||   358
Block: Shield            |    54 |    35 |       |    21 ||   110
       Rpst.: Great sword |       |     8 |    30 |       ||    38
